 Dungeon Crawl Stone Soup version 0.24.0-123-gd5b16e6ec5 (webtiles) character file.

Game seed: 7720507116087331459, levelgen mode: deterministic

7697 Delamore the Severer (level 11, -1/97 HPs)
             Began as a Hill Orc Fighter on Dec 28, 2019.
             Was a High Priest of Okawaru.
             Slain by an orc knight
             ... wielding a +1 great sword of freezing
              (15 damage)
             ... on level 9 of the Dungeon.
             The game lasted 00:12:15 (8825 turns).

Delamore the Severer (Hill Orc Fighter)             Turns: 8825, Time: 00:12:15

Health: -1/97      AC: 14    Str: 26    XL:     11   Next: 19%
Magic:  9/11       EV: 11    Int:  8    God:    Okawaru [*****.]
Gold:   462        SH: 11    Dex: 10    Spells: 10/10 levels left

rFire    + + .     SeeInvis +   a - +0 war axe
rCold    + . .     Gourm    .   c - +0 shield
rNeg     . . .     Faith    .   l - +5 ring mail of Music {rF+ rC+ Str+3 SInv}
rPois    +         Spirit   .   u - +1 hat
rElec    .         Reflect  .   t - scarf {cloud immunity}
rCorr    .         Harm     .   (no gloves)
MR       .....                  k - +0 pair of boots
Stlth    ++........             (no amulet)
HPRegen  0.26/turn              M - ring of poison resistance
MPRegen  0.12/turn              H - ring of protection from fire

@: heroism
A: no striking features
a: Heroism, Finesse, Renounce Religion


You were on level 9 of the Dungeon.
You worshipped Okawaru.
Okawaru was extremely pleased with you.
You were hungry.

You visited 2 branches of the dungeon, and saw 10 of its levels.

You collected 578 gold pieces.
You spent 116 gold pieces at shops.

Inventory:

Hand Weapons
 a - a +0 war axe (weapon)
Missiles
 x - 2 throwing nets (quivered)
Armour
 b - a +0 scale mail
 c - a +0 shield (worn)
 k - a +0 pair of boots (worn)
 l - the +5 ring mail of Music (worn) {rF+ rC+ Str+3 SInv}
   (You found it on level 4 of the Dungeon)

   It affects your strength (+3).
   It protects you from fire.
   It protects you from cold.
   It lets you see invisible.
 o - a +0 cloak
 t - a scarf of cloud immunity (worn)
 u - a +1 hat (worn)
Jewellery
 H - a ring of protection from fire (right hand)
 L - a +3 ring of intelligence
 M - a ring of poison resistance (left hand)
 Q - an uncursed ring of stealth {unknown}
Wands
 j - a wand of polymorph (19)
 s - a wand of enslavement (11)
 y - a wand of scattershot (5)
 z - a wand of flame (45)
 G - a wand of iceblast (9)
 K - a wand of digging (5)
 P - a wand of paralysis (8)
Scrolls
 d - a scroll of silence {unknown}
 e - 5 scrolls of remove curse
 g - 4 scrolls of teleportation {unknown}
 h - 3 scrolls of random uselessness
 i - 2 scrolls of noise
 n - a scroll of magic mapping {unknown}
 p - a scroll of immolation {unknown}
 q - 2 scrolls of amnesia {unknown}
 r - 7 scrolls of identify
 v - a scroll of enchant weapon {unknown}
 w - 2 scrolls of fear {unknown}
 D - a scroll of torment {unknown}
 E - 3 scrolls of fog
 F - a scroll of brand weapon {unknown}
Potions
 m - 2 potions of curing
 A - a potion of brilliance
 B - a potion of heal wounds
 C - 2 potions of flight
 I - 4 potions of degeneration
 J - a potion of resistance {unknown}
 N - a potion of ambrosia
Comestibles
 f - 14 rations


   Skills:
 + Level 9.6(14.6) Fighting
 + Level 18.3(23.3) Axes
 - Level 3.2(8.2) Armour
 - Level 3.2(8.2) Shields


You had 10 spell levels left.
You didn't know any spells.
Your spell library was empty.

Dungeon Overview and Level Annotations

Branches:
Dungeon (9/15)             Temple (0/1) D:7             Orc (1/2) D:9
   Lair: D:8-11

Altars:
Cheibriados
Dithmenos
Elyvilon
Kikubaaqudgha
Okawaru
Sif Muna
Trog
Xom
Zin

Shops:
D:4 [   D:6 (}=[[   D:7 %?=!

Annotations:
D:4 2 transporters, Delamore's ghost, amateur HOFi


Message History

You hit the orc knight.
The orc knight is heavily wounded.
The orc knight hits you with a +1 great sword of freezing!
The orc knight freezes you.
You closely miss the orc knight.
The orc knight is heavily wounded.
You gain the combat prowess of a mighty hero.
The orc knight barely misses you.
You hit the orc knight.
The orc knight is severely wounded.
The orc knight hits you with a +1 great sword of freezing!!
* * * LOW HITPOINT WARNING * * *
The orc knight freezes you.
* * * LOW HITPOINT WARNING * * *
You slash the orc knight!
The orc knight is severely wounded.
You barely miss the orc knight.
The orc knight is severely wounded.
The orc knight hits you with a +1 great sword of freezing!
You die...

#...<.....'.##........# #
#.........#...........#######
#.........####...............
#####'##.#######......#######
#.##...(((...#.####
#.######[####..# #..#
#8).[8#..## ##'###..[o.#.##
#>...#..@..#>#
#....#.....#.######
#....#8...8#......#######
#....#######.............
#.......#.........#######
#.......#.........#
#.......((........#
#.......###.####### ####'####
#....##


You could see an orc knight.

Vanquished Creatures
  2 two-headed ogres
  An ugly thing (D:8)
  Pikel (D:5)
  3 trolls
  A wyvern (D:9)
  A warg (Orc:1)
  A black bear (D:9)
  4 orc warriors
  2 sky beasts
  2 slaves (D:5)
  6 ogres
  An eye of draining (D:9)
  3 centaurs (D:8)
  6 phantoms
  6 big kobolds
  4 gnoll sergeants
  4 bullfrogs
  A wyvern zombie (D:9)
  A wyvern skeleton (D:9)
  3 scorpions
  4 wights (D:8)
  2 howler monkeys (D:9)
  3 crimson imps
  A quasit (D:9)
  2 hounds
  3 jellies
  6 orc priests
  A centaur skeleton (D:9)
  Crazy Yiuf (D:5)
  8 orc wizards
  A bullfrog skeleton (D:2)
  3 iguanas
  4 worker ants
  A worker ant zombie (D:6)
  15 gnolls
  A howler monkey skeleton (D:6)
  2 adders (D:3)
  A shadow imp (D:5)
  2 worms
  9 dart slugs
  A leopard gecko (D:6)
  38 orcs
  5 giant cockroaches
  4 hobgoblins
  3 jackals (D:3)
  8 quokkas
  A ball python (D:6)
  2 bats
  4 frilled lizards
  8 goblins
  11 kobolds
  A leopard gecko skeleton (D:5)
  A leopard gecko zombie (D:5)
  4 rats
214 creatures vanquished.

Notes
Turn   | Place    | Note
-------+----------+-------------------------------------------
     0 | D:1      | Delamore the Hill Orc Fighter began the quest for the Orb.
     0 | D:1      | Reached XP level 1. HP: 19/19 MP: 1/1
     0 | D:1      | Found an iron altar of Okawaru.
    40 | D:1      | Reached skill level 3 in Axes
   148 | D:1      | Reached XP level 2. HP: 26/26 MP: 2/2
   407 | D:1      | Reached skill level 4 in Axes
   951 | D:1      | Became a worshipper of Warmaster Okawaru
   978 | D:2      | Reached XP level 3. HP: 31/31 MP: 3/3
  1039 | D:2      | Reached skill level 5 in Axes
  1053 | D:2      | You fall into a shaft and drop 2 floors!
  1090 | D:4      | Got a smoking ring mail
  1101 | D:4      | Identified the +5 ring mail of Music {rF+ rC+ Str+3 SInv}
                  | (You found it on level 4 of the Dungeon)
  1110 | D:4      | Noticed a necrophage
  1117 | D:4      | Found a transporter.
  1117 | D:4      | Noticed Delamore's ghost (amateur HOFi)
  1164 | D:4      | Found Izeura's Armour Shoppe.
  1303 | D:4      | Found a transporter.
  1393 | D:2      | Reached XP level 4. HP: 32/39 MP: 4/4
  1412 | D:2      | Reached skill level 6 in Axes
  1526 | D:2      | Noticed a bullfrog
  1533 | D:2      | Killed a bullfrog
  1533 | D:2      | Reached XP level 5. HP: 36/45 MP: 5/5
  1592 | D:2      | Reached skill level 7 in Axes
  2735 | D:4      | Reached skill level 8 in Axes
  2735 | D:4      | Reached XP level 6. HP: 51/51 MP: 6/6
  2831 | D:4      | Reached * piety under Okawaru
  2987 | D:5      | Entered Level 5 of the Dungeon
  3216 | D:5      | Reached skill level 9 in Axes
  3268 | D:5      | Noticed a phantom
  3283 | D:5      | Killed a phantom
  3476 | D:5      | Noticed a slave
  3477 | D:5      | Noticed a slave
  3477 | D:5      | Noticed a phantom
  3478 | D:5      | Noticed Pikel
  3484 | D:5      | Reached XP level 7. HP: 54/57 MP: 7/7
  3521 | D:5      | Reached skill level 10 in Axes
  3525 | D:5      | Killed Pikel
  3525 | D:5      | Reached ** piety under Okawaru
  3525 | D:5      | Reached skill level 12 in Axes
  3525 | D:5      | Reached XP level 8. HP: 50/64 MP: 8/8
  3796 | D:5      | Found a shimmering altar of Xom.
  3878 | D:5      | Found a runed translucent door.
  3879 | D:5      | Noticed Crazy Yiuf
  3924 | D:5      | Killed Crazy Yiuf
  3985 | D:6      | Found Depnadd's Antique Weapon Shop.
  4027 | D:6      | Reached *** piety under Okawaru
  4040 | D:6      | Found Mieneud's Jewellery Boutique.
  4095 | D:6      | Reached skill level 13 in Axes
  4197 | D:6      | Found Zarghyle's Antique Armour Shoppe.
  4210 | D:6      | Found Ammiank's Armour Shoppe.
  4406 | D:6      | Found Hidoegea's Gadget Shoppe.
  4787 | D:7      | Found Garaarub's Distillery.
  4820 | D:7      | Found Jupn's Jewellery Shop.
  4823 | D:7      | Found Jorghicro's Magic Scroll Shop.
  4824 | D:7      | Found Zoudugeru's Food Shop.
  4827 | D:7      | Bought a potion of heal wounds for 60 gold pieces
  4841 | D:7      | Bought a scroll of random uselessness for 14 gold pieces
  4841 | D:7      | Bought a scroll of noise for 14 gold pieces
  4841 | D:7      | Bought a scroll of fog for 28 gold pieces
  4857 | D:7      | Reached XP level 9. HP: 42/70 MP: 9/9
  4858 | D:7      | Reached skill level 14 in Axes
  5396 | D:7      | Found a glowing silver altar of Zin.
  5452 | D:7      | Found a staircase to the Ecumenical Temple.
  5505 | D:7      | Found the +8 storm bow {elec, penet}
  5704 | D:8      | Noticed a two-headed ogre
  5714 | D:8      | Killed a two-headed ogre
  5714 | D:8      | Reached **** piety under Okawaru
  5714 | D:8      | Reached skill level 15 in Axes
  5987 | D:8      | Reached skill level 16 in Axes
  6013 | D:8      | Found a snail-covered altar of Cheibriados.
  6016 | D:8      | Found an iron altar of Okawaru.
  6259 | D:8      | Reached ***** piety under Okawaru
  6259 | D:8      | Reached XP level 10. HP: 43/79 MP: 10/10
  6418 | D:8      | Noticed a brown ugly thing
  6445 | D:8      | Killed a brown ugly thing
  6445 | D:8      | Reached skill level 5 in Fighting
  6819 | D:8      | Found a bloodstained altar of Trog.
  6819 | D:8      | Found a shimmering blue altar of Sif Muna.
  6875 | D:9      | Reached skill level 17 in Axes
  7300 | D:9      | Found a white marble altar of Elyvilon.
  7341 | D:9      | Found an ancient bone altar of Kikubaaqudgha.
  7672 | D:9      | Found a staircase to the Orcish Mines.
  8133 | D:9      | Found a shadowy altar of Dithmenos.
  8234 | Orc:1    | Entered Level 1 of the Orcish Mines
  8244 | Orc:1    | Received a gift from Okawaru
  8253 | Orc:1    | Reached skill level 18 in Axes
  8253 | Orc:1    | Reached XP level 11. HP: 44/95 MP: 11/11
  8370 | Orc:1    | Noticed a two-headed ogre
  8384 | Orc:1    | Killed a two-headed ogre
  8773 | Orc:1    | Noticed an orc knight
  8825 | D:9      | Slain by an orc knight

Levels and vault maps discovered:
D:1:      sevenhm_arrival_forest_fort_small_6, layout_basic,
          hangedman_abyss_or_decor_stabs, minmay_tetromino_l4
D:2:      layout_basic, first_ration
D:3:      layout_basic, st_stairs_13
D:4:      layout_basic, gammafunk_ghost_mausoleum, serial_shops, shop_fountains,
          minmay_vboxes
D:5:      layout_rooms, xom_butterflies, uniq_crazy_yiuf_cottage, uniq_pikel
D:6:      layout_loops_corners, serial_shops, kennysheep_mini_moat,
          nicolae_shop_crystal, shop, nicolae_shop_stone,
          nicolae_shop_competitors_out_of_business
D:7:      layout_cave_pools, zin_statuary, minmay_temple_entry_metal_lava,
          minmay_shop_grid_forest, minivault_11
D:8:      layout_basic, grunt_temple_overflow_open,
          gammafunk_temple_overflow_elements, blue_anna_alchemist
          [blue_anna_fruit_fields, blue_anna_fruit_fields]
D:9:      layout_roguey, marbit_many_paths, kiku_gazebo_garden_becter,
          kennysheep_orc_monster_closet_entryway, basic_altar
Orc:1:    layout_caves, nicolae_orc_lava_tube

Skill      XL: |  1  2  3  4  5  6  7  8  9 10 11 |
---------------+----------------------------------+-----
Axes           | 3 4 5 6 8 9 12 13 16 18 | 18.3
Fighting       | 4 8 9 |  9.6
Armour         | |  3.2
Shields        | |  3.2

Action                   |  1- 3 |  4- 6 |  7- 9 | 10-12 || total
-------------------------+-------+-------+-------+-------++-------
Melee: War axe           |    93 |   140 |   263 |   254 ||   750
Invok: Heroism           |       |       |       |     3 ||     3
       Finesse           |       |       |       |     1 ||     1
  Use: Potion            |     5 |       |       |     2 ||     7
       Scroll            |       |       |     4 |       ||     4
  Eat: Chunk             |     1 |     7 |     9 |     8 ||    25
Armor: Scale mail        |    38 |       |       |       ||    38
       Ring mail         |     4 |    70 |    96 |    61 ||   231
Dodge: Dodged            |    24 |    50 |    55 |    63 ||   192
Block: Shield            |    40 |    82 |    88 |    78 ||   288
